 Dungeon Crawl Stone Soup version 0.28-a0-519-gbfeecf2fc5 (webtiles) character file.

Game seed: 16968879524655090328

25567 senseless the Grappler (level 12, 0/189 HPs)
             Began as a Troll Berserker on Sept 22, 2021.
             Was a High Priest of Trog.
             Slain by a centaur warrior (3 damage)
             ... on level 13 of the Dungeon on Sept 23, 2021.
             The game lasted 00:35:35 (9723 turns).

senseless the Grappler (Troll Berserker)            Turns: 9723, Time: 00:35:35

Health: 0/189      AC: 10    Str: 32    XL:     12   Next: 90%
Magic:  11/11      EV: 14    Int:  3    God:    Trog [*****.]
Gold:   1511       SH:  5    Dex: 15    Spells: 11/11 levels left

rFire   . . .      SeeInvis +     - Unarmed
rCold   . . .      Faith    .   (no shield)
rNeg    . . .      Spirit   .   F - +1 steam dragon scales
rPois   +          Reflect  +   D - +2 hat {SInv}
rElec   .          Harm     .   (no cloak)
rCorr   .          Rampage  .   (gloves unavailable)
Will    .....                   (boots unavailable)
Stlth   ..........              c - amulet of reflection
HPRegen 1.41/turn               y - ring of poison resistance
MPRegen 0.12/turn               b - +6 ring of dexterity

@: berserking, very quick
A: large, unfitting armour, claws 3, regeneration 1, shaggy fur 1, tough skin 1
a: Renounce Religion, Berserk, Trog's Hand, Brothers in Arms


You were on level 13 of the Dungeon.
You worshipped Trog.
Trog was extremely pleased with you.
You visited 1 branch of the dungeon, and saw 13 of its levels.

You collected 1531 gold pieces.
You spent 20 gold pieces at shops.

Inventory:

Hand Weapons
 p - the +3 hunting sling "Jomeath" {flame, rC+ rCorr Int+3 Dex+2}
   (You found it on level 11 of the Dungeon)

   Any ammunition fired from it burns those it strikes, dealing additional fire
   damage.
   Int:       It affects your intelligence (+3).
   Dex:       It affects your dexterity (+2).
   rC:        It protects you from cold.
   rCorr:     It protects you from acid and corrosion.
 E - a +5 halberd of freezing
Missiles
 i - 6 throwing nets
 j - 4 silver boomerangs
 B - 57 poisoned darts
 C - 8 boomerangs
 G - 2 atropa-tipped darts (quivered)
 H - 5 curare-tipped darts
 L - 12 large rocks
Armour
 D - a +2 hat of see invisible (worn)
 F - +1 steam dragon scales (worn)
Jewellery
 a - an amulet of regeneration
 b - a +6 ring of dexterity (right claw)
 c - an amulet of reflection (around neck)
 e - a ring of fire
 l - an amulet of faith
 q - a ring of protection from cold
 r - a ring of magical power
 y - a ring of poison resistance (left claw)
 A - a ring of resist corrosion
Wands
 k - a wand of polymorph (25)
 n - a wand of flame (26)
 J - a wand of paralysis (6)
 K - a wand of iceblast (7)
Scrolls
 d - a scroll of enchant weapon
 g - a scroll of fear
 o - 4 scrolls of identify
 v - a scroll of silence
 z - 3 scrolls of teleportation
 M - a scroll of blinking {unknown}
Potions
 f - 4 potions of curing
 h - 2 potions of resistance
 m - a potion of lignification
 s - a potion of magic
 t - a potion of flight
 u - 2 potions of haste
 w - 2 potions of invisibility
 x - 3 potions of attraction
 I - a potion of heal wounds


   Skills:
 * Level 10.1 Fighting
 + Level 7.3 Throwing
 * Level 10.2 Dodging
 - Level 0.2 Stealth
 * Level 12.9 Unarmed Combat


You had 11 spell levels left.
You didn't know any spells.
Your spell library contained the following spells:

 Spells                   Type           Power      Damage    Failure   Level
 Beastly Appendage        Tmut           0%         N/A       52%         1
 Sandblast                Erth           0%         2d4       52%         1
 Corpse Rot               Necr/Air       N/A        N/A       67%         2
 Passwall                 Tmut/Erth      0%         N/A       67%         2
 Wereblood                Tmut           0%         N/A       67%         2
 Dazzling Flash           Conj/Hex       0%         N/A       88%         3
 Spider Form              Tmut/Pois      0%         N/A       88%         3
 Stone Arrow              Conj/Erth      0%         3d7       88%         3
 Tukima's Dance           Hex            0%         N/A       88%         3
 Dispel Undead            Necr           0%         3d6       99%         4
 Iskenderun's Mystic Bla  Conj/Tloc      0%         2d3       99%         4
 Passage of Golubria      Tloc           N/A        N/A       99%         4
 Freezing Cloud           Conj/Ice/Air   0%         6-21      100%        5
 Yara's Violent Unravell  Hex/Tmut       0%         3d3       100%        5
 Death Channel            Necr           0%         N/A       100%        6
 Dispersal                Tloc           0%         N/A       100%        6
 Simulacrum               Ice/Necr       0%         N/A       100%        6
 Starburst                Conj/Fire      0%         6d3       100%        6
 Disjunction              Tloc           0%         N/A       100%        8
 Polar Vortex             Ice            0%         N/A       100%        9


Dungeon Overview and Level Annotations

Branches:
Dungeon (13/15)            Temple (0/1) D:4            Lair (0/6) D:9
    Orc (0/2) D:12
 Vaults: D:13-14

Altars:
Fedhas
Hepliaklqana
Nemelex Xobeh
Okawaru
Qazlal
Trog
Yredelemnul

Shops:
D:4 *

Annotations:
D:9 2 transporters, NigelTetley's ghost, novice FoFi


Innate Abilities, Weirdness & Mutations

You are too large for most types of armour.
You have claws for hands.
Your natural rate of healing is unusually fast.
You are covered in fur. (AC +1)
You have tough skin. (AC +1)


Message History

Rupert resists.
Rupert hits you with a +4 great sword of holy wrath!!
A red film seems to cover your vision as you go berserk!
You feel yourself moving faster!
You feel mighty!
Rupert hits you with a +4 great sword of holy wrath!!
You mangle Rupert!!
Rupert is lightly wounded.
You block Rupert's attack.
You scratch Rupert.
Rupert is lightly wounded.
You block Rupert's attack.
You eviscerate Rupert!!!
Rupert is heavily wounded.
Rupert barely misses you.
You eviscerate Rupert!!!
Rupert is severely wounded.
You mangle Rupert!!
Rupert is almost dead.
Rupert hits you with a +4 great sword of holy wrath!!
* * * LOW HITPOINT WARNING * * *
You barely miss Rupert.
Rupert is almost dead.
Rupert hits you with a +4 great sword of holy wrath!!
* * * LOW HITPOINT WARNING * * *
Unknown command.
You are too berserk!
Okay, then.
You mangle Rupert!!
You kill Rupert!
Trog accepts your kill.
Unknown command.
The centaur warrior unwields a +0 shortbow.
The centaur warrior hits you but does no damage.
The centaur warrior kicks you but does no damage.
Things that are here:
a +4 great sword of holy wrath; a +0 leather armour; 2 atropa-tipped darts You mangle the centaur warrior!!
Your claw misses the centaur warrior.
The centaur warrior is almost dead.
The centaur warrior hits you.
You die...

..##.# ..## #.##.# ..#
#.##.# ..# #.##.# ...
.>...# #.# #.#### #.#
#.# #.# #.# ###.# ..#
##.#@#
..###########...c###.
........................
......#######...........
...#..# ##...###....
......# ##..# ...
###.### #### ## #.# #.#


You could see a centaur warrior.

Vanquished Creatures
  Rupert (D:13)
  Gastronok (D:8)
  Fannar (D:10)
  Harold (D:8)
  Erolcha (D:9)
  2 hydras (D:13)
  2 boulder beetles
  A catoblepas (D:13)
  A centaur warrior (D:10)
  4 two-headed ogres
  2 tengu warriors (D:13)
  Sonja (D:10)
  Pikel (D:9)
  4 ugly things
  3 cyclopes
  3 manticores
  3 unseen horrors
  Psyche (D:8)
  A tengu conjurer (D:13)
  An efreet (D:13)
  3 trolls
  A shadow (D:13)
  A wraith (D:12)
  A wyvern (D:7)
  Grum (D:8)
  A steam dragon (D:8)
  2 wargs (D:9)
  An acid dragon (D:10)
  2 water moccasins
  7 orc warriors
  A black bear (D:6)
  2 ice beasts
  2 necrophages
  3 ogres
  13 centaurs
  4 wolves (D:8)
  A phantom (D:3)
  2 kobold brigands
  2 bullfrogs
  A wyvern zombie (D:5)
  2 gnoll sergeants
  4 scorpions
  A wyvern skeleton (D:7)
  10 killer bees
  3 wights (D:8)
  3 electric eels (D:7)
  6 howler monkeys
  6 centaur zombies
  2 hounds
  A jelly (D:6)
  A bullfrog skeleton (D:5)
  6 orc priests
  A centaur skeleton (D:7)
  2 iguanas
  15 orc wizards
  A killer bee zombie (D:7)
  16 gnolls
  9 adders
  2 adder skeletons (D:4)
  2 worms
  A dart slug (D:4)
  39 orcs
  5 bats
  10 endoplasms
  3 giant cockroaches
  8 goblins
  9 hobgoblins
  2 jackals (D:1)
  4 quokkas
  9 ball pythons
  A frilled lizard (D:2)
  A jackal skeleton (D:4)
  13 kobolds
  11 rats
295 creatures vanquished.

Notes
Turn   | Place    | Note
-------+----------+-------------------------------------------
     0 | D:1      | senseless the Troll Berserker began the quest for the Orb.
     0 | D:1      | Reached XP level 1. HP: 22/22 MP: 0/0
    52 | D:1      | Reached XP level 2. HP: 29/29 MP: 1/1
   404 | D:1      | Reached XP level 3. HP: 36/36 MP: 2/2
   554 | D:2      | Reached ** piety under Trog
   575 | D:2      | Reached skill level 4 in Unarmed Combat
   581 | D:2      | Reached XP level 4. HP: 44/44 MP: 3/3
  1359 | D:3      | Noticed a phantom
  1366 | D:3      | Killed a phantom
  1367 | D:3      | Reached skill level 5 in Unarmed Combat
  1367 | D:3      | Reached XP level 5. HP: 38/53 MP: 4/4
  1963 | D:4      | Noticed a necrophage
  1963 | D:4      | Noticed an ice beast
  1975 | D:3      | Killed an ice beast
  1976 | D:3      | Reached XP level 6. HP: 61/61 MP: 5/5
  1977 | D:3      | Reached *** piety under Trog
  2031 | D:4      | Reached skill level 6 in Unarmed Combat
  2058 | D:4      | Found Fauconaw's General Store.
  2086 | D:4      | Bought a scroll of identify for 20 gold pieces
  2123 | D:4      | Identified 2 scrolls of acquirement
  2123 | D:4      | Acquired a +2 hat
  2286 | D:4      | Found a hazy altar of Hepliaklqana.
  2289 | D:4      | Found a stormy altar of Qazlal.
  2289 | D:4      | Found a blossoming altar of Fedhas.
  2547 | D:4      | Found a staircase to the Ecumenical Temple.
  2614 | D:4      | Found a bloodstained altar of Trog.
  2618 | D:4      | Found a sparkling altar of Nemelex Xobeh.
  2726 | D:5      | Entered Level 5 of the Dungeon
  2751 | D:5      | Reached XP level 7. HP: 67/67 MP: 6/6
  2850 | D:5      | Reached skill level 1 in Throwing
  3070 | D:5      | Reached skill level 7 in Unarmed Combat
  3181 | D:5      | Reached **** piety under Trog
  3490 | D:6      | Reached XP level 8. HP: 68/78 MP: 7/7
  3586 | D:4      | HP: 2/79 [poisoned by a water moccasin]
  3666 | D:6      | Reached skill level 5 in Dodging
  4101 | D:7      | Reached skill level 5 in Fighting
  4205 | D:7      | Reached skill level 8 in Unarmed Combat
  4312 | D:7      | Reached XP level 9. HP: 49/88 MP: 8/8
  4511 | D:7      | Identified the +1 leather armour of Sloth {rF+ Regen+ Int+2
                  | Dex+4 Slay-2}
  5190 | D:8      | Noticed Gastronok
  5206 | D:8      | Killed Gastronok
  5207 | D:8      | Reached skill level 9 in Unarmed Combat
  5291 | D:8      | Reached XP level 10. HP: 72/100 MP: 9/9
  5338 | D:8      | Found a basalt altar of Yredelemnul.
  5353 | D:8      | Noticed Harold
  5365 | D:8      | Killed Harold
  5365 | D:8      | Reached ***** piety under Trog
  5452 | D:8      | Noticed Grum
  5458 | D:8      | Killed Grum
  5690 | D:8      | Reached skill level 10 in Unarmed Combat
  5920 | D:8      | Noticed Psyche
  5927 | D:8      | Killed Psyche
  6127 | D:9      | Noticed Pikel
  6139 | D:9      | Reached skill level 5 in Throwing
  6157 | D:9      | Killed Pikel
  6190 | D:9      | Found a staircase to the Lair.
  6224 | D:9      | Noticed NigelTetley's ghost (novice FoFi)
  6233 | D:9      | Found a transporter.
  6412 | D:9      | Noticed Erolcha
  6422 | D:9      | Killed Erolcha
  6423 | D:9      | Reached XP level 11. HP: 110/110 MP: 10/10
  6478 | D:9      | Found a transporter.
  6741 | D:10     | Entered Level 10 of the Dungeon
  6741 | D:10     | Found an iron altar of Okawaru.
  6743 | D:10     | Noticed Sonja
  6781 | D:10     | Killed Sonja
  6864 | D:10     | Noticed a centaur warrior
  6873 | D:10     | Killed a centaur warrior
  6873 | D:10     | Received a gift from Trog
  6930 | D:10     | Acquired 900 gold pieces
  7005 | D:10     | Noticed Fannar
  7032 | D:10     | Killed Fannar
  7033 | D:10     | Reached skill level 11 in Unarmed Combat
  7378 | D:11     | Identified the +3 hunting sling "Jomeath" {flame, rC+ rCorr
                  | Int+3 Dex+2}
  7405 | D:11     | Noticed a two-headed ogre
  7406 | D:11     | Noticed a two-headed ogre
  7495 | D:11     | Noticed a centaur warrior
  7495 | D:11     | Noticed a two-headed ogre
  7589 | D:11     | Killed a two-headed ogre
  7654 | D:11     | Killed a two-headed ogre
  7877 | D:11     | Noticed a two-headed ogre
  7877 | D:11     | Noticed a boulder beetle
  7883 | D:11     | Killed a two-headed ogre
  7949 | D:11     | Killed a boulder beetle
  8176 | D:12     | Reached XP level 12. HP: 91/123 MP: 11/11
  8379 | D:12     | Upgraded the game from 0.28-a0-514-g0d7ab7f379 to
                  | 0.28-a0-519-gbfeecf2fc5
  8386 | D:12     | Reached skill level 12 in Unarmed Combat
  8483 | D:12     | Found a staircase to the Orcish Mines.
  9047 | D:13     | Noticed a four-headed hydra
  9243 | D:13     | Killed a four-headed hydra
  9557 | D:13     | Noticed a five-headed hydra
  9562 | D:13     | Killed a five-headed hydra
  9563 | D:13     | Reached skill level 10 in Dodging
  9685 | D:13     | Reached skill level 10 in Fighting
  9702 | D:13     | Noticed Rupert
  9720 | D:13     | HP: 1/189 [Rupert (32)]
  9721 | D:13     | Killed Rupert
  9723 | D:13     | Slain by a centaur warrior

Illustrated notes

Levels and vault maps discovered:
D:1:      beargit_arrival_greenhouse, layout_rooms
D:2:      layout_rooms, serial_curves, eino_curves_04, eino_curves_03
D:3:      layout_basic
D:4:      minmay_diamond_boxcup, layout_cave_pools,
          minmay_overflow_temple_star_hex, lemuel_temple_firewalk_b,
          serial_shops, shop
D:5:      layout_cave_pods
D:6:      layout_rooms
D:7:      layout_basic, serial_glass, glass_columns_c, glass_columns_a,
          glass_columns_c, glass_columns_a, glass_columns_a, glass_columns_c,
          glass_columns_b, glass_columns_a, feat_on_display,
          due_unseen_surprise, minmay_strange_pillars, grunt_decor_fettered,
          minmay_misc_feat_rugged, grunt_ministairs_6, serial_bayou_ford_a,
          patterned_corridor
D:8:      layout_basic, general_overflow_altar, uniq_harold, uniq_grum,
          uniq_psyche, uniq_gastronok
D:9:      layout_rooms, erik_lair_orcish_takeover, gammafunk_ghost_mausoleum,
          uniq_erolcha, uniq_pikel
D:10:     layout_rooms, mainiacjoe_overflow_boulevard, uniq_fannar, uniq_sonja
D:11:     layout_basic, grunt_ministairs_15
D:12:     layout_rooms, david_orc_2
D:13:     kennysheep_windowed_halls, layout_loops_corners, uniq_rupert

Skill      XL: |  1  2  3  4  5  6  7  8  9 10 11 12 |
---------------+-------------------------------------+-----
Unarmed Combat | 4 5 6 7 8 9 10 11 12 | 12.9
Fighting       | 3 4 5 6 7 9 10 | 10.1
Dodging        | 3 4 5 6 7 9 10 | 10.2
Throwing       | 1 3 4 5 6 7 |  7.3
Stealth        | |  0.2

Action                   |  1- 3 |  4- 6 |  7- 9 | 10-12 || total
-------------------------+-------+-------+-------+-------++-------
Melee: Unarmed           |    69 |   139 |   236 |   422 ||   866
       Punch             |     1 |     4 |    11 |    35 ||    51
Throw: Dart              |       |       |       |    15 ||    15
       Large rock        |       |       |       |     9 ||     9
       Boomerang         |       |       |       |     1 ||     1
Invok: Berserk           |     3 |     2 |     5 |    12 ||    22
       Trog's Hand       |       |       |     1 |       ||     1
  Use: Scroll            |       |    16 |     6 |     6 ||    28
       Potion            |       |       |     1 |     1 ||     2
 Stab: Sleeping          |       |     2 |       |       ||     2
Armor: Animal skin       |    30 |    32 |    78 |       ||   140
       Steam dragon scal |       |       |       |   161 ||   161
Dodge: Dodged            |    26 |    47 |   129 |   271 ||   473
Block: Other             |       |       |    57 |    90 ||   147
       Reflection        |       |       |       |     8 ||     8

Table legend: (Time is in decaauts)
 A = Elapsed time spent in this place.
 B = Non-inter-level travel time spent in this place.
 C = Inter-level travel time spent in this place.
 D = Time resting spent in this place.
 E = Time spent auto-exploring this place.
 F = Levels seen in this place.
 G = Mean time per level.
                   A        B        C        D        E       F      G
               +--------+--------+--------+--------+--------+-----+--------+
         Total |   9831 |   9437 |    394 |   1059 |   6512 |  13 |  756.2 |
       Dungeon |   9831 |   9437 |    394 |   1059 |   6512 |  13 |  756.2 |
               +--------+--------+--------+--------+--------+-----+--------+

Top non-repeatable levels by time:
     D:7: 1117 daAuts
     D:3: 1016 daAuts
    D:13: 918 daAuts
     D:8: 914 daAuts
    D:11: 840 daAuts
     D:4: 837 daAuts
     D:5: 729 daAuts
     D:9: 702 daAuts
    D:12: 621 daAuts
    D:10: 591 daAuts
     D:2: 547 daAuts
     D:6: 523 daAuts
     D:1: 470 daAuts
